 Dungeon Crawl Stone Soup version 0.30.0-10-gfe55d96785 (webtiles) character file.

Game seed: 12874413889991423187

34 Byczy the Caller (level 3, -5/28 HPs)
             Began as a Deep Elf Summoner on May 15, 2023.
             Killed by divine providence
             ... invoked by an orc priest
              (10 damage)
             ... on level 2 of the Dungeon.
             The game lasted 00:05:03 (1179 turns).

Byczy the Caller (Deep Elf Summoner)                Turns: 1179, Time: 00:05:04

Health: -5/28      AC: 21    Str:  5    XL:     3   Next: 14%
Magic:  6/10       EV:  2    Int: 21    God:
Gold:   14         SH:  0    Dex: 15    Spells: 6/9 levels left

rFire   . . .        d - +0 dagger
rCold   . . .        (no shield)
rNeg    . . .        a - melded +0 robe
rPois   +            p - melded +0 hat
rElec   .            (cloak currently unavailable)
rCorr   +            (gloves currently unavailable)
SInv    .            (boots currently unavailable)
Will    .....        (no amulet)
Stlth   ++           g - ring of resist corrosion
HPRegen 0.24/turn    (no ring)
MPRegen 0.12/turn

%: no passive effects
@: tree-form
A: stationary, stasis, torment immunity, boosted hp
a: no special abilities


You were on level 2 of the Dungeon.
You were a tree.
You visited 1 branch of the dungeon, and saw 2 of its levels.

You collected 14 gold pieces.

Inventory:

Hand Weapons
 d - a +0 dagger (weapon)
Armour
 a - a +0 robe (melded)
 o - a scarf of invisibility
 p - a +0 hat (melded)
Jewellery
 g - a ring of resist corrosion (left branch)
Scrolls
 h - a scroll of magic mapping {unknown}
 j - 3 scrolls of enchant weapon {unknown}
 m - 2 scrolls of fog {unknown}
 n - 2 scrolls of immolation {unknown}
 q - a scroll of vulnerability {unknown}
Potions
 b - a potion of magic
 c - a potion of might {unknown}
 e - 2 potions of mutation {unknown}
 f - a potion of heal wounds {unknown}
 i - a potion of invisibility {unknown}
 k - a potion of lignification
 l - a potion of flight {unknown}


   Skills:
 + Level 2.4 Dodging
 + Level 2.6 Stealth
 + Level 3.9 Spellcasting
 + Level 5.0 Summonings


You had 6 spell levels left.
You knew the following spells:

 Your Spells              Type           Power      Damage    Failure   Level
a - Summon Small Mammal   Summ           100%       N/A       1%          1
b - Call Imp              Summ           50%        N/A       2%          2

Your spell library contained the following spells:

 Spells                   Type           Power      Damage    Failure   Level
 Call Canine Familiar     Summ           25%        N/A       4%          3
 Summon Guardian Golem    Hex/Summ       14%        N/A       13%         3
 Ensorcelled Hibernation  Hex/Ice        8%         N/A       19%         2
 Passwall                 Tmut/Erth      3%         N/A       19%         2
 Swiftness                Air            4%         N/A       36%         3
 Summon Lightning Spire   Summ/Air       14%        N/A       38%         4


Dungeon Overview and Level Annotations

Branches:
Dungeon (2/15)

Altars:

Shops:
D:1 :


Message History

Casting: Call Imp (safe; 2% risk of failure)
Confirm with . or Enter, or press ? or * to list all spells.
You don't know that spell.
Your cerulean imp hits the ball python from afar with a -2 spear!
The ball python dies!
q - a scroll labelled BOPONW EDGHA You swap places.
m - 2 scrolls labelled FAMUNN YCIEK (gained 1)
Your cerulean imp disappears in a puff of smoke!
Your quokka disappears in a puff of smoke!
Your rat disappears in a puff of smoke!
The orc wizard shouts!
You hear a shout!
The orc wizard casts a spell at you. The magic dart hits you!
The orc wizard shouts!
The orc wizard casts a spell at you. The magic dart hits you!
* * * LOW HITPOINT WARNING * * *
The orc wizard mumbles some strange words.
The orc wizard flickers and vanishes!
Deactivating autopickup; reactivate with Ctrl-A.
Casting: Summon Small Mammal (safe; 1% risk of failure)
Confirm with . or Enter, or press ? or * to list all spells.
A tiny devil pulls itself out of the air.
Your cerulean imp says, "You called?"
Casting: Call Imp (safe; 2% risk of failure)
Confirm with . or Enter, or press ? or * to list all spells.
Okay, then.
It was a potion of lignification.
You turn into a tree.
Your +0 hat melds into your body.
Your +0 robe melds into your body.
Your roots penetrate the ground.
The orc priest invokes the aid of Beogh against you.
Beogh smites you!
You die...

#..#.......#.#####.#.#
#..#.......#.........#
#....o..#.######.##
#....o. #.# ....o. #.#
#..o### #.#
##.r..########.#
#.5.♣..........#
#..♣♣.########.# ##
#.....# #.# #.
####.###.# #.# #.
.........# #.#
$....##.#########.#####.
#### #................#.
#..####.##.#.###.#. #..#
#.##...###.#. #..#
#.##....#....


You could see an orc priest (ally target), 2 orc wizards, an orc, a friendly
cerulean imp (summoned) and a friendly quokka (summoned).

Vanquished Creatures
  A dart slug (D:2)
  A frilled lizard (D:2)
  A rat (D:2)
3 creatures vanquished.

Vanquished Creatures (collateral kills)
  An adder (D:2)
  A worm (D:2)
  A dart slug (D:1)
  2 goblins
  2 hobgoblins
  2 quokkas
  4 ball pythons
  A bat (D:2)
  A frilled lizard (D:1)
  A kobold (D:1)
  A rat (D:1)
17 creatures vanquished.

Grand Total: 20 creatures vanquished

Notes
Turn   | Place    | Note
-------+----------+-------------------------------------------
     0 | D:1      | Byczy the Deep Elf Summoner began the quest for the Orb.
     0 | D:1      | Reached XP level 1. HP: 10/10 MP: 6/6
    19 | D:1      | Found Baidwik's Book Boutique.
   496 | D:1      | Reached XP level 2. HP: 13/15 MP: 5/8
   503 | D:1      | Learned a level 2 spell: Call Imp
  1068 | D:2      | Reached skill level 5 in Summonings
  1068 | D:2      | Reached XP level 3. HP: 19/19 MP: 10/10
  1179 | D:2      | Killed from afar by an orc priest

Illustrated notes

Levels and vault maps discovered:
D:1:      spicycebolla_arrival_xxxplode, layout_rooms, serial_shops, shop,
          st_stairs_14, grunt_decor_fettered, minmay_tetromino_l2
D:2:      cheibrodos_pilgrimage, layout_loops_ring, chequers_mini_garden

Skill      XL: |  1  2 |
---------------+-------+-----
Summonings     | 5 |  5.0
Dodging        | |  2.4
Stealth        | |  2.6
Spellcasting   | |  3.9

Action                     || total
---------------------------++-------
  Melee: Dagger            ||    17
         Unarmed           ||     4
   Cast: Summon Small Mamm ||    38
         Call Imp          ||     7
    Use: Potion            ||     1
 Armour: Robe              ||     5
  Dodge: Dodged            ||    12
